 Dungeon Crawl Stone Soup version 0.26-a0-652-gafc20e3620 (webtiles) character file.

Game seed: 1333030060102918302

2150 strifetoe the Grappler (level 9, -1/84 HPs)
             Began as a Troll Delver on Oct 2, 2020.
             Was an Initiate of Okawaru.
             Succumbed to a killer bee's poison
             ... on level 8 of the Dungeon.
             The game lasted 00:13:10 (5790 turns).

strifetoe the Grappler (Troll Delver)               Turns: 5790, Time: 00:13:11

Health: -1/84      AC:  8    Str: 25    XL:     9   Next: 10%
Magic:  8/8        EV: 11    Int:  6    God:    Okawaru [......]
Gold:   405        SH:  0    Dex: 11    Spells: 7/8 levels left

rFire    x . .     SeeInvis .     - Unarmed
rCold    + . .     Faith    .   (no shield)
rNeg     . . .     Spirit   .   k - +1 robe {MR+}
rPois    .         Reflect  .   (helmet restricted)
rElec    .         Harm     .   d - +0 cloak
rCorr    .         Rampage  .   (gloves unavailable)
MR       +....                  (boots unavailable)
Stlth    ++........             (no amulet)
HPRegen  0.64/turn              j - ring of ice
MPRegen  0.11/turn              (no ring)

@: lethally poisoned (-1 -> -7)
A: large, unfitting armour, claws 3, regeneration 1, shaggy fur 1, tough skin 3
a: Renounce Religion


You were on level 8 of the Dungeon.
You worshipped Okawaru.
Okawaru was noncommittal.
You visited 2 branches of the dungeon, and saw 9 of its levels.

You collected 405 gold pieces.

Inventory:

Hand Weapons
 p - a +1 flail of draining
 q - a +3 mace
Missiles
 x - 3 large rocks (quivered)
Armour
 a - a +0 robe
 d - a +0 cloak (worn)
 k - a +1 robe of magic resistance (worn)
Jewellery
 j - a ring of ice (left claw)
 v - an uncursed ring of poison resistance {unknown}
Wands
 f - a wand of digging (1)
 u - a wand of iceblast (2)
 y - a wand of flame (7)
Scrolls
 b - a scroll of fog
 c - 3 scrolls of magic mapping
 h - 2 scrolls of amnesia {unknown}
 i - 3 scrolls of teleportation
 l - 3 scrolls of remove curse
 o - a scroll of identify
 s - 3 scrolls of blinking {unknown}
 t - a scroll of noise {unknown}
Potions
 n - 2 potions of resistance


   Skills:
 - Level 4.0 Fighting
 + Level 1.8 Throwing
 - Level 3.4 Armour
 - Level 4.2 Dodging
 - Level 2.7 Stealth
 + Level 9.3 Unarmed Combat


You had 7 spell levels left.
You knew the following spells:

 Your Spells              Type           Power        Failure   Level
a - Beastly Appendage     Tmut           #.....       45%         1

Your spell library contained the following spells:

 Spells                   Type           Power        Failure   Level
 Wereblood                Tmut           #.......     58%         2
 Spider Form              Tmut/Pois      #.........   83%         3
 Ice Form                 Ice/Tmut       #.......     99%         4
 Blade Hands              Tmut           #.........   100%        5


Dungeon Overview and Level Annotations

Branches:
Dungeon (8/15)             Temple (1/1) D:7
   Lair: D:8-11

Altars:
Ashenzari
Cheibriados
Dithmenos
Elyvilon
Fedhas
Gozag
Hepliaklqana
Okawaru
Qazlal
Ru
Trog
Uskayaw
Vehumet
The Shining One


Innate Abilities, Weirdness & Mutations

You are too large for most types of armour.
You have claws for hands.
Your natural rate of healing is unusually fast.
You are covered in fur. (AC +1)
You have extremely tough skin. (AC +3)


Message History

The killer bee stings you.
* * * LOW HITPOINT WARNING * * *
Unknown command.
You closely miss the killer bee. Your claw misses the killer bee.
You feel sick.
The killer bee stings you but does no damage.
You barely miss the killer bee.
You feel sick. The killer bee misses you.
The killer bee stings you but does no damage.
You claw the killer bee!
The killer bee is almost dead.
You feel sick. The killer bee barely misses you. x2
You miss the killer bee.
The killer bee is almost dead.
The killer bee stings you.
* * * LOW HITPOINT WARNING * * *
You are more poisoned.
The killer bee poisons you!
You scratch the killer bee.
The killer bee is almost dead.
You die...

#.# ....... #..
#..###....# #..
#.........###..
#F..........
#..###...5#. ##...#
#yy## #...†## #.#y##
.##.....###y##y##
......#.......##@#
..............###.$..#
..........<...###...##
........#†..........#
....#....†....#......#
..#.##.......###.....#
......##...# ...#..
....(. ##..# ..##..
.##... ...#


You could see 4 killer bees and a shadow imp.

Vanquished Creatures
  2 hippogriffs
  Eustachio (D:6)
  An ice beast (D:7)
  A black bear (D:7)
  An orc warrior (D:7)
  A centaur (D:4)
  An ogre (D:5)
  Blork the orc (D:4)
  A bullfrog (D:7)
  2 scorpions (D:6)
  8 killer bees
  A centaur zombie (D:6)
  4 hounds
  3 orc wizards
  3 orc priests
  2 iguanas
  2 worker ants
  6 gnolls
  7 adders
  A shadow imp (D:5)
  A white imp (D:6)
  An ufetubus (D:5)
  An ooze (D:2)
  2 worms
  2 dart slugs (D:1)
  2 leopard geckos
  22 orcs
  7 bats
  5 giant cockroaches
  2 goblins
  A hobgoblin (D:2)
  6 kobolds
  4 quokkas
  A ball python (D:3)
  4 frilled lizards (D:3)
  A jackal skeleton (D:6)
  A quokka zombie (D:5)
  6 rats
118 creatures vanquished.

Notes
Turn   | Place    | Note
-------+----------+-------------------------------------------
     0 | D:5      | strifetoe the Troll Delver began the quest for the Orb.
     0 | D:5      | Reached XP level 1. HP: 22/22 MP: 0/0
    28 | D:5      | Noticed an orc priest
   253 | D:5      | Reached XP level 2. HP: 23/29 MP: 1/1
   322 | D:4      | Noticed Blork the orc
   343 | D:5      | Reached skill level 3 in Unarmed Combat
   366 | D:5      | Reached XP level 3. HP: 26/36 MP: 2/2
   401 | D:5      | Learned a level 1 spell: Beastly Appendage
   502 | D:5      | Reached skill level 4 in Unarmed Combat
   502 | D:5      | Reached XP level 4. HP: 24/44 MP: 3/3
   702 | D:4      | Killed Blork the orc
   702 | D:4      | Reached skill level 5 in Unarmed Combat
   702 | D:4      | Reached XP level 5. HP: 41/50 MP: 4/4
  1045 | D:4      | Noticed a centaur
  1056 | D:4      | Killed a centaur
  1056 | D:4      | Reached skill level 6 in Unarmed Combat
  1056 | D:4      | Reached XP level 6. HP: 15/59 MP: 5/5
  1760 | D:3      | Found an opulent altar of Gozag.
  1856 | D:3      | Reached skill level 7 in Unarmed Combat
  1871 | D:3      | Found a snail-covered altar of Cheibriados.
  2306 | D:2      | Found a hide-covered altar of Uskayaw.
  3483 | D:5      | Reached skill level 1 in Armour
  4011 | D:6      | Reached XP level 7. HP: 66/66 MP: 6/6
  4032 | D:6      | Noticed Eustachio
  4679 | D:6      | Killed Eustachio
  4721 | D:7      | Noticed a hippogriff
  4743 | D:6      | Reached XP level 8. HP: 78/78 MP: 7/7
  4895 | D:7      | Found a bloodstained altar of Trog.
  4911 | D:7      | Reached skill level 8 in Unarmed Combat
  5051 | D:7      | Killed a hippogriff
  5131 | D:7      | Found a staircase to the Ecumenical Temple.
  5137 | Temple   | Entered the Ecumenical Temple
  5201 | Temple   | Became a worshipper of Warmaster Okawaru
  5654 | D:7      | Reached skill level 9 in Unarmed Combat
  5734 | D:8      | Noticed a hippogriff
  5738 | D:8      | Killed a hippogriff
  5738 | D:8      | Reached skill level 1 in Throwing
  5738 | D:8      | Reached XP level 9. HP: 78/84 MP: 8/8
  5785 | D:8      | HP: 4/84 [killer bee (1)]
  5789 | D:8      | HP: 1/84 [killer bee (2)]
  5790 | D:8      | Succumbed to a killer bee's poison

Illustrated notes

Levels and vault maps discovered:
D:1:      scummos_arrival_simple_fountains, layout_rooms, hangedman_glass_teeth
D:2:      layout_basic, eat_drink_and_be_merry_uskayaw
D:3:      layout_rooms, old_standard_altar, marbit_many_paths,
          small_statue_intersection
D:4:      layout_loops_ring, roderic_st_hans_cross, uniq_blork_the_orc
D:5:      layout_layer_cave
D:6:      layout_cave_pools, corexii_item_surrounded_by_moat, uniq_eustachio
D:7:      layout_gridville, lemuel_doored_altar, minmay_temple_entry_butterflies
D:8:      layout_layer_cave, lemuel_crystal_altar,
          chequers_temple_overflow_statue_of_worship
Temple:   nicolae_temple_great_sept

Skill      XL: |  1  2  3  4  5  6  7  8 |
---------------+-------------------------+-----
Unarmed Combat | 3 4 5 6 7 9 |  9.3
Armour         | 1 3 |  3.4
Fighting       | 4 |  4.0
Dodging        | 4 |  4.2
Throwing       | 1 |  1.8
Stealth        | |  2.7

Action                   |  1- 3 |  4- 6 |  7- 9 || total
-------------------------+-------+-------+-------++-------
Melee: Unarmed           |    36 |   166 |   149 ||   351
       Punch             |       |     4 |     8 ||    12
Evoke: Wand              |       |       |     7 ||     7
  Use: Potion            |       |     1 |     7 ||     8
       Scroll            |       |       |     8 ||     8
 Stab: Sleeping          |     1 |    10 |     3 ||    14
       Distracted        |       |       |     1 ||     1
Armor: Robe              |    11 |    49 |    74 ||   134
Dodge: Dodged            |    24 |    74 |   133 ||   231

Table legend: (Time is in decaauts)
 A = Elapsed time spent in this place.
 B = Non-inter-level travel time spent in this place.
 C = Inter-level travel time spent in this place.
 D = Time resting spent in this place.
 E = Time spent auto-exploring this place.
 F = Levels seen in this place.
 G = Mean time per level.
                   A        B        C        D        E       F      G
               +--------+--------+--------+--------+--------+-----+--------+
         Total |   5739 |   5321 |    418 |    577 |   3379 |   9 |  637.7 |
       Dungeon |   5664 |   5256 |    408 |    577 |   3348 |   8 |  708.0 |
        Temple |     74 |     64 |     10 |      0 |     31 |   1 |   74.0 |
               +--------+--------+--------+--------+--------+-----+--------+

Top non-repeatable levels by time:
     D:5: 1386 daAuts
     D:4: 1052 daAuts
     D:6: 784 daAuts
     D:7: 778 daAuts
     D:2: 680 daAuts
     D:3: 522 daAuts
     D:1: 407 daAuts
  Temple: 74 daAuts
     D:8: 53 daAuts
